[Event "*** Titled Tuesday Blitz"]
[Site "Chess.com"]
[Date "2020.10.27"]
[Round "7"]
[White "babyking1205"]
[Black "Neftegor"]
[Result "1-0"]
[WhiteElo "2652"]
[BlackElo "2457"]
[TimeControl "180+1"]
[EndTime "11:19:14 PDT"]
[Termination "babyking1205 won by resignation"]

1. e4 c6 2. d4 d5 3. exd5 cxd5 4.
Bd3 Nc6 5. c3 Qc7 6. Ne2 Bg4 7.
f3 Bd7 8. O-O Nf6 9. Bf4 e5 10.
Bg3 Bd6 11. Na3 a6 12. Nc2 O-O 13. dxe5 Nxe5 14. Bxe5 Bxe5 15. f4 Bd6 16. Ncd4 Rfe8 17. Qc2 Ne4 18. Rad1 Rad8 19. Ng3 Bc6 20. Nxc6 Qxc6 21.
Nf5 Bc5+ 22. Kh1 g6 23. Ng3 Nxg3+ 24. hxg3 Re3 25. Rf3 Rde8 26. Rdf1 Qe6 27. f5 Qe5 28. Qd1 b5 29. g4 Bd6 30. g3 Rxf3 31. Qxf3 Qxg3 32. Qxg3 Bxg3 33. Kg2 Bd6 34. Rd1 Re5 35. Kf3 Kg7 36. Bc2 Kf6 37. b3 Bc5 38. Rd3 gxf5 39. Rd1 Re3+ 40. Kf4 fxg4 41. Rxd5 Rxc3 42. Bxh7 Ke6 43.
Rd1 Rc2 44. Bxc2 1-0

[Event "*** Titled Tuesday Blitz"]
[Site "Chess.com"]
[Date "2020.10.27"]
[Round "7"]
[White "Artem_0degov"]
[Black "HouseOfDurin"]
[Result "0-1"]
[WhiteElo "2369"]
[BlackElo "2191"]
[TimeControl "180+1"]
[EndTime "11:19:14 PDT"]
[Termination "HouseOfDurin won by resignation"]

1. d4 Nf6 2. Bf4 c5 3. e3 cxd4 4. exd4 g6 5. Nf3 Bg7 6. Be2 O-O 7. h3 d5 8. O-O Ne4 9. Nc3 Nc6 10. Ne5 Nxc3 11.
bxc3 Nxe5 12. dxe5 e6 13. Re1 Qc7 14. Qd4 Bd7 15.
Rab1 Rfc8 16. Rb3 b5 17. Bf3 Qc6 18. h4 h5 19. Qd2 a5 20. Bh6 a4 21. Ra3 Qc5 22. Bxg7 Kxg7 23. Qc1 Qe7 24. g3 Rc4 25. Qb2 Rac8 26. Re3 Be8 27. Be2 Re4 28. Rxe4 dxe4 29. c4 bxc4 30. Re3 Bc6 31. Bxc4 Qc5 32. Bf1 Rc7 33.
Qb8 Rb7 34. Qd8 Rb1 35. Qf6+ Kg8 36. Kg2 Bb5 37. Be2 Bxe2 38. Rxe2 Qd5 39. Qf4 Qd1 0-1

[Event "*** Titled Tuesday Blitz"]
[Site "Chess.com"]
[Date "2020.10.27"]
[Round "7"]
[White "AndreyNeves"]
[Black "Omk124"]
[Result "0-1"]
[WhiteElo "2260"]
[BlackElo "2415"]
[TimeControl "180+1"]
[EndTime "11:19:14 PDT"]
[Termination "Omk124 won by checkmate"]

1. d4 Nf6 2. c4 g6 3. g3 Bg7 4. Bg2 O-O 5. Nf3 c6 6. O-O d5 7. cxd5 cxd5 8. Nc3 Nc6 9. Ne5 e6 10. f4 Nd7 11. Be3 Nb6 12. b3 Ne7 13. Kh1 f6 14. Nf3 Bd7 15. Bf2 Rc8 16. Rc1 Nf5 17. e4 dxe4 18. Nxe4 Rxc1 19. Qxc1 Bc6 20. Re1 Re8 21.
Nc5 Qd6 22. g4 Bxf3 23. Bxf3 Nxd4 24. Bxd4 Qxd4 25. Nxe6 Qd7 26. Nxg7 Rxe1+ 27. Qxe1 Kxg7 28. Qe4 Kh6 29. Qxb7 Qd2 30. Qe4 Qxa2 31. h4 Qxb3 32. g5+ fxg5 33. hxg5+ Kg7 34. Qe7+ Qf7 35. Qe5+ Kg8 36.
Be4 Kf8 37. f5 gxf5 38. Bxf5 Qd5+ 39. Qxd5 Nxd5 40. Kh2 Kg7 41. Kg3 a5 42. Kf2 a4 43. Be6 Nc3 44. Ke1 a3 45. Kd2 a2 46.
Bxa2 Nxa2 47. Ke3 Kg6 48. Kf4 Nb4 49. Kg4 Nc6 50. Kh4 Nd8 51. Kg4 Nf7 52. Kh4 Nxg5 53.
Kg3 h5 54. Kh4 Nf7 55. Kg3 Nh6 56. Kh4 Nf5+ 57. Kh3 Kg5 58. Kh2 h4 59. Kh1 Kf4 60. Kh2 Kg4 61. Kh1 h3 62. Kh2 Kh4 63. Kh1 Kg3 64. Kg1 Nd6 65. Kh1 Ne4 66. Kg1 h2+ 67. Kh1 Nf2# 0-1

[Event "*** Titled Tuesday Blitz"]
[Site "Chess.com"]
[Date "2020.10.27"]
[Round "7"]
[White "Sharpchess22"]
[Black "Kavyev_Ruslan"]
[Result "1-0"]
[WhiteElo "2770"]
[BlackElo "2577"]
[TimeControl "180+1"]
[EndTime "11:19:16 PDT"]
[Termination "Sharpchess22 won by checkmate"]

1. d4 Nf6 2. Bf4 c5 3. e3 Qb6 4.
Nc3 cxd4 5. exd4 a6 6. a3 d5 7. h3 Bf5 8. Rb1 Nc6 9. Nf3 e6 10. Bd3 Bxd3 11. Qxd3 Be7 12. O-O O-O 13. Rfe1 Rac8 14.
Bg5 h6 15. Bh4 Qd8 16. Bxf6 Bxf6 17. Na4 b5 18. Nc3 Qb6 19. Ne2 a5 20. c3 b4 21.
axb4 axb4 22. g4 Rb8 23. h4 g6 24. g5 hxg5 25. hxg5 Bg7 26. Kg2 Qb5 27. Qc2 Rfc8 28. Rh1 Qc4 29. Qd2 bxc3 30. bxc3 Rxb1 31. Rxb1 Rb8 32.
Ra1 Qb5 33. Qe3 Na5 34. Ne5 Nc4 35. Nxc4 Qxc4 36. Nf4 Rc8 37. Ne2 Qc6 38. Kg1 Ra8 39. Rb1 Bf8 40. Nf4 Bd6 41. Nxg6 Ra3 42. Qh3 fxg6 43.
Qxe6+ Kg7 44. Qf6+ Kg8 45. Qxg6+ Kf8 46. Qf6+ Ke8 47.
Rb8+ Kd7 48. Qf5+ Kc7 49. Qc8# 1-0

[Event "*** Titled Tuesday Blitz"]
[Site "Chess.com"]
[Date "2020.10.27"]
[Round "7"]
[White "exoticprincess"]
[Black "RaunakSadhwani2005"]
[Result "1/2-1/2"]
[WhiteElo "2875"]
[BlackElo "2972"]
[TimeControl "180+1"]
[EndTime "11:19:17 PDT"]
[Termination "Game drawn by repetition"]

1. d4 d5 2. c4 c6 3. Nf3 Nf6 4. cxd5 cxd5 5. Nc3 Nc6 6. Bf4 Bf5 7. e3 e6 8. Bb5 Bb4 9. Ne5 O-O 10. Bxc6 bxc6 11.
O-O Bxc3 12. bxc3 Rc8 13. Qa4 Qb6 14. f3 c5 15. g4 Bg6 16. g5 Nh5 17. Nd7 Qb2 18. Nxf8 Nxf4 19. exf4 Rxf8 20. dxc5 Qxc3 21. Rac1 Qe3+ 22. Kg2 d4 23. c6 Bd3 24. Rfe1 Be2 25.
Rxe2 Qxe2+ 26. Kg3 d3 27. Qd1 d2 28. Rb1 Qe3 29.
c7 e5 30. Rb8 Qxf4+ 31. Kg2 Qxg5+ 32. Kf1 Qf5 33. Rxf8+ Kxf8 34. Qxd2 Qxf3+ 35. Ke1 Qh1+ 36. Ke2 Qe4+ 37. Kf2 Qf5+ 38. Ke1 Qe4+ 39. Kf2 Qf5+ 40. Ke1 Qe4+ 41. Kf2 1/2-1/2

[Event "*** Titled Tuesday Blitz"]
[Site "Chess.com"]
[Date "2020.10.27"]
[Round "7"]
[White "AnishOnYoutube"]
[Black "Arseniy_Nesterov"]
[Result "1-0"]
[WhiteElo "2977"]
[BlackElo "2803"]
[TimeControl "180+1"]
[EndTime "11:19:17 PDT"]
[Termination "AnishOnYoutube won by checkmate"]

1. e4 e5 2. Nf3 Nc6 3. Bb5 a6 4. Ba4 b5 5. Bb3 Na5 6. O-O d6 7. d4 exd4 8. Nxd4 Bb7 9. c4 c5 10. Nf5 g6 11. Ng3 Bg7 12. Nc3 Nxb3 13. axb3 b4 14. Nd5 Ne7 15. Bg5 Bxd5 16. exd5 h6 17. Bxe7 Kxe7 18. f4 Kd7 19. f5 g5 20. f6 Bxf6 21.
Kh1 Rf8 22. Qh5 Kc7 23. Nf5 Bxb2 24. Rae1 Be5 25. Rxe5 dxe5 26. Qxh6 f6 27. Qh7+ Qd7 28. d6+ Kc6 29. Ne7+ Kb6 30. Nd5+ Kc6 31. Qe4 Kxd6 32. Rd1 Ke6 33. Qg4+ f5 34. Qxg5 Qf7 35. Qh6+ Kd7 36. Nb6+ Kc7 37. Qd6+ Kb7 38. Nd7 Rfd8 39. Qb6+ Kc8 40.
Qc6# 1-0

[Event "*** Titled Tuesday Blitz"]
[Site "Chess.com"]
[Date "2020.10.27"]
[Round "7"]
[White "mbojan"]
[Black "nochewycandy"]
[Result "1-0"]
[WhiteElo "2708"]
[BlackElo "2552"]
[TimeControl "180+1"]
[EndTime "11:19:18 PDT"]
[Termination "mbojan won by resignation"]

1. e4 g6 2. d4 Bg7 3. Nc3 d6 4. f4 a6 5. Nf3 b5 6. Bd3 Nd7 7. a4 b4 8. Ne2 c5 9. c3 bxc3 10.
bxc3 Ngf6 11. O-O O-O 12. e5 Nd5 13. Bd2 Bb7 14. Rb1 Qc7 15. Kh1 cxd4 16. cxd4 a5 17. Rc1 Qd8 18. Ng3 N7b6 19. Bb5 Rc8 20. Qe2 Rxc1 21. Rxc1 Qa8 22. f5 Rc8 23. Rxc8+ Bxc8 24. exd6 exd6 25. Qe8+ Bf8 26. fxg6 hxg6 27. Ne4 Be6 28. Qxa8 Nxa8 29. Bxa5 Ndb6 30. Nc3 Bc4 31. Bxb6 Bxb5 32.
Nxb5 Nxb6 33. a5 Na8 34. d5 Be7 35. Nd2 Kf8 36. Nc4 Bd8 37. a6 Ke7 38. Kg1 Kd7 39.
Kf2 Bb6+ 40. Kf3 Bc5 41. g4 Nc7 42. Nxc7 Kxc7 43. h4 f5 44. gxf5 gxf5 45. Kf4 Bd4 46. Kxf5 Bc3 47. Ke6 Bb4 48. h5 Bc3 49. h6 Kb8 50. Nxd6 Ka7 51. Nb5+ 1-0

[Event "*** Titled Tuesday Blitz"]
[Site "Chess.com"]
[Date "2020.10.27"]
[Round "7"]
[White "Oleksandr_Bortnyk"]
[Black "Jumbo"]
[Result "0-1"]
[WhiteElo "2910"]
[BlackElo "2877"]
[TimeControl "180+1"]
[EndTime "11:19:19 PDT"]
[Termination "Jumbo won by resignation"]

1. d4 d5 2. Nc3 Nf6 3. Bg5 Nbd7 4. Nf3 c5 5. dxc5 Qa5 6. a3 Qxc5 7. e3 a6 8. Bd3 e6 9. O-O Be7 10. e4 dxe4 11.
Nxe4 Qc7 12. Qe2 b6 13. Rfe1 Bb7 14. Nxf6+ Nxf6 15. Ne5 O-O 16. Bh4 b5 17. Rac1 Rad8 18. c4 bxc4 19. Rxc4 Qb6 20. Rec1 Rd4 21. Rc7 Rxh4 22.
Rxe7 Nd5 23. Nd7 Qd6 24. g3 Qxe7 25. Nxf8 Rd4 26. Nxh7 g6 27. Bb1 Kxh7 28. h4 Kg7 29. Qe5+ Qf6 30. Qxf6+ Kxf6 31. b4 Rd2 32. Be4 Rd4 33. Bf3 Rd3 34. Bxd5 Bxd5 35. a4 Rb3 36. b5 axb5 37. axb5 Rxb5 38. Re1 Rb4 39. Kh2 Re4 40. Rc1 Re2 41. Kg1 Rb2 42. Re1 Kf5 43. Rd1 Be4 44. Kh2 Rb1 45. Kh3 Rxd1 0-1

[Event "*** Titled Tuesday Blitz"]
[Site "Chess.com"]
[Date "2020.10.27"]
[Round "7"]
[White "RobertoJBM"]
[Black "Paladin61"]
[Result "1-0"]
[WhiteElo "2800"]
[BlackElo "2600"]
[TimeControl "180+1"]
[EndTime "11:19:19 PDT"]
[Termination "RobertoJBM won on time"]

1. d4 Nf6 2. c4 g6 3. Nc3 Bg7 4. e4 d6 5. f3 O-O 6. Be3 c5 7. d5 a6 8. Qd2 b5 9. cxb5 Qa5 10. a4 Nbd7 11. Ra3 Nb6 12. Bd3 e6 13. dxe6 Bxe6 14.
Nge2 Rfd8 15. O-O Rac8 16. Nf4 Bc4 17. Qe2 Be6 18. Nxe6 fxe6 19. bxa6 d5 20. exd5 exd5 21. Bg5 Re8 22. Qd2 c4 23. Bb1 d4 24. Nb5 c3 25.
bxc3 dxc3 26. Rxc3 Qxa6 27. Rxc8 Nxc8 28. Bc2 Qb6+ 29. Kh1 Rd8 30. Qc3 Ne7 31. Qc7 Qe6 32.
Bxf6 Bxf6 33. Be4 Rc8 34. Qb7 Kf8 35. Rb1 Rd8 36. h3 Qa2 37. Nc7 Qc4 38. Qb6 Rc8 39. Ne6+ Kf7 40. Nf4 1-0

[Event "*** Titled Tuesday Blitz"]
[Site "Chess.com"]
[Date "2020.10.27"]
[Round "7"]
[White "Korchmar_Vasiliy"]
[Black "FontVella8"]
[Result "1-0"]
[WhiteElo "2605"]
[BlackElo "2478"]
[TimeControl "180+1"]
[EndTime "11:19:19 PDT"]
[Termination "Korchmar_Vasiliy won by resignation"]

1. e4 e5 2. Nf3 Nc6 3. Nc3 Nf6 4. Bb5 Bc5 5. O-O Nd4 6. Nxe5 Nxb5 7. Nxb5 O-O 8. d4 Be7 9. Nc3 d5 10. exd5 Nxd5 11.
Nxd5 Qxd5 12. c4 Qd6 13. Bf4 Bf5 14. Bg3 Qf6 15. Qf3 c6 16. Rfe1 Rad8 17. Rad1 Bb4 18.
Re3 Bc2 19. Rc1 Bf5 20. Rd1 Bc2 21. Rc1 Bf5 22. Rb3 a5 23. a3 Bd2 24. Rd1 Rxd4 25.
Rxb7 Bc2 26. Rf1 c5 27. Qxf6 gxf6 28. Nf3 Rd3 29. Rb5 a4 30. Rxc5 Bb3 31. Rc6 f5 32.
Be5 Re8 33. Bf6 Bh6 34. Bc3 Bg7 35. Bxg7 Kxg7 36. Nh4 f6 37. Nxf5+ Kg6 38. Ne3 Rd2 39. Nd5 Rf8 40. Nf4+ Kg7 41. Ne6+ Kf7 42. Nxf8 Kxf8 43. Rxf6+ Ke7 44. Rh6 Rxb2 45. Rxh7+ Kd6 46. h4 Ra2 47. h5 Rxa3 48. h6 Bxc4 49. Rd1+ Ke5 50. Re7+ Kf6 51. h7 Kxe7 52. h8=Q Bf7 53. Qd8+ Ke6 54. Qd6+ 1-0

[Event "*** Titled Tuesday Blitz"]
[Site "Chess.com"]
[Date "2020.10.27"]
[Round "7"]
[White "Margency"]
[Black "djano"]
[Result "1-0"]
[WhiteElo "2659"]
[BlackElo "2460"]
[TimeControl "180+1"]
[EndTime "11:19:19 PDT"]
[Termination "Margency won by checkmate"]

1. e4 g6 2. d4 Bg7 3. Nc3 a6 4. Be3 b5 5. f4 Bb7 6. Bd3 d6 7. Nf3 Nf6 8. e5 Ng4 9. Qe2 O-O 10.
O-O-O e6 11. Bd2 Nh6 12. Ne4 Bxe4 13. Bxe4 d5 14. Bd3 Nd7 15. Kb1 c5 16. dxc5 Nxc5 17.
Nd4 Rc8 18. g4 Nxd3 19. cxd3 Qb6 20. Be3 Qc7 21. h4 Rfe8 22. h5 Kf8 23. Rc1 Qd7 24. Rxc8 Rxc8 25. hxg6 hxg6 26. f5 Ng8 27. f6 Nxf6 28.
exf6 Bxf6 29. Rf1 Bg7 30. Nb3 e5 31. Bc5+ Kg8 32. d4 e4 33. g5 Qh3 34. Na5 Qg3 35. Qf2 Qd3+ 36. Ka1 Rc7 37. Nc6 e3 38. Qf3 b4 39. Ne7+ Kf8 40. Qxf7# 1-0

[Event "*** Titled Tuesday Blitz"]
[Site "Chess.com"]
[Date "2020.10.27"]
[Round "7"]
[White "Semen_Khanin"]
[Black "kuli4ik"]
[Result "1/2-1/2"]
[WhiteElo "2778"]
[BlackElo "2885"]
[TimeControl "180+1"]
[EndTime "11:19:20 PDT"]
[Termination "Game drawn by agreement"]

1. e4 e6 2. d4 d5 3. e5 c5 4. c3 Ne7 5. Bd3 Nec6 6. Nf3 b6 7. Qe2 a5 8. a4 Ba6 9. Bb5 Qd7 10. Na3 Bxb5 11.
Nxb5 Be7 12. h4 cxd4 13. Nfxd4 Nxd4 14. Nxd4 Nc6 15. h5 Nxd4 16. cxd4 Bb4+ 17. Kf1 O-O-O 18. h6 g6 19. g3 Kb7 20. Kg2 Rc8 21. Bg5 Rc4 22.
b3 Rxd4 23. f3 Bc5 24. Bd2 Rd8 25. Bc3 Rb4 26. Bxb4 Bxb4 27. Rac1 d4 28. Qd3 Qd5 29.
Qc4 Qxc4 30. Rxc4 d3 31. Rd1 d2 32. Kf2 Rd5 33. Rf4 Rd7 34. Ke2 Kc6 35. Rc4+ Kb7 36. f4 Rd8 37. g4 Rd7 38. g5 Rd5 39. Rxb4 axb4 40. Rxd2 Rxd2+ 41. Kxd2 Kc6 42. Kd3 Kd5 43. Ke3 1/2-1/2

[Event "*** Titled Tuesday Blitz"]
[Site "Chess.com"]
[Date "2020.10.27"]
[Round "7"]
[White "Kobalia"]
[Black "doons21"]
[Result "0-1"]
[WhiteElo "2731"]
[BlackElo "2570"]
[TimeControl "180+1"]
[EndTime "11:19:20 PDT"]
[Termination "doons21 won on time"]

1. e4 e6 2. d4 d5 3. Nc3 Bb4 4. e5 Ne7 5. a3 Bxc3+ 6. bxc3 c5 7. a4 Qc7 8. Nf3 b6 9. Bb5+ Bd7 10. Bd3 Nbc6 11.
O-O Na5 12. Re1 h6 13. Nh4 cxd4 14. cxd4 Qc3 15. Be3 g5 16. Nf3 Nc4 17. h3 Rc8 18. Qe2 Nf5 19. a5 bxa5 20. Rab1 a4 21. Rb7 Qa5 22. Nh2 Bc6 23. Rbb1 Nfxe3 24. fxe3 h5 25.
Qf2 Qd8 26. Rf1 Qe7 27. Nf3 g4 28. Ng5 Qxg5 29. Qxf7+ Kd8 30. Qxe6 gxh3 31. Rf2 Re8 32. Qf7 Nxe3 33. Bg6 Nxg2 34. Kh2 Rc7 35. Rb8+ Rc8 36. Rb7 h4 0-1

[Event "*** Titled Tuesday Blitz"]
[Site "Chess.com"]
[Date "2020.10.27"]
[Round "7"]
[White "TregubovP"]
[Black "Sergienko_Sergey"]
[Result "1-0"]
[WhiteElo "2524"]
[BlackElo "2337"]
[TimeControl "180+1"]
[EndTime "11:19:20 PDT"]
[Termination "TregubovP won on time"]

1. e4 c5 2. Nf3 a6 3. c3 e6 4. d4 d5 5. exd5 exd5 6. Be2 Nf6 7. O-O c4 8. b3 cxb3 9. axb3 Be7 10. Bf4 Bg4 11.
Ne5 Bxe2 12. Qxe2 O-O 13. Nd2 Re8 14. b4 Nbd7 15. Nb3 Ne4 16. Qf3 Nxe5 17. Bxe5 Bd6 18. Bxd6 Qxd6 19. Rfe1 b6 20. Re3 h6 21. Qe2 Rec8 22.
Rxa6 Rxa6 23. Qxa6 Qc6 24. h3 Nxc3 25. Re7 Ne4 26.
f3 Nf6 27. Qd3 Rf8 28. b5 Qd6 29. Re5 Qb4 30. Nc1 Rc8 31. Ne2 Qc4 32. Qxc4 Rxc4 33. Kf2 Rb4 34. Nc3 Rxd4 35. Ke3 Rb4 36. Kd3 Rb2 37.
g4 Kf8 38. h4 Rb3 39. g5 hxg5 40.
hxg5 Nd7 41. Rxd5 Nc5+ 42. Kc4 Rb2 43. Rd6 Rc2 44. Rc6 1-0

[Event "*** Titled Tuesday Blitz"]
[Site "Chess.com"]
[Date "2020.10.27"]
[Round "7"]
[White "Rodalquilar"]
[Black "Zhigalko_Sergei"]
[Result "0-1"]
[WhiteElo "2749"]
[BlackElo "2906"]
[TimeControl "180+1"]
[EndTime "11:19:21 PDT"]
[Termination "Zhigalko_Sergei won by resignation"]

1. d4 Nf6 2. Bf4 e6 3. e3 d5 4. Nf3 Bd6 5. Bg3 O-O 6. c4 b6 7. cxd5 Nxd5 8. e4 Nf6 9. Nc3 Bb4 10. Qc2 Ba6 11. Bxa6 Nxa6 12. O-O Bxc3 13. bxc3 c5 14. Bh4 Qc7 15. Bxf6 gxf6 16. Qd2 Kg7 17. e5 Qe7 18. Rfe1 f5 19. Qf4 Nc7 20. c4 Rad8 21. Re3 Kh8 22.
h4 Rg8 23. Ng5 Rxd4 24. Qf3 Rxh4 25. Nh3 Rxc4 26. Rd1 Nd5 27. Rxd5 exd5 28. Qxf5 Qe6 29. Qh5 Qg6 30. Qxg6 hxg6 31. Ng5 Kg7 32. e6 f6 33.
Nf7 Re4 34. Nd6 Rxe3 35. fxe3 Kf8 36. Nc8 Ke8 37. Kf2 c4 38. Nd6+ Ke7 39. Nb5 Kxe6 40. Nxa7 Ra8 41. Nc6 Rxa2+ 42. Kf3 Kd6 43. Nd4 Ra5 44.
Nb5+ Rxb5 0-1

[Event "*** Titled Tuesday Blitz"]
[Site "Chess.com"]
[Date "2020.10.27"]
[Round "7"]
[White "Ajedrez_con_German"]
[Black "Lagmantr"]
[Result "0-1"]
[WhiteElo "2552"]
[BlackElo "2747"]
[TimeControl "180+1"]
[EndTime "11:19:21 PDT"]
[Termination "Lagmantr won by resignation"]

1. d4 Nf6 2. Bf4 c5 3. e3 d5 4.
c3 Nc6 5. Nd2 g6 6. Ngf3 Bg7 7.
Be2 O-O 8. O-O b6 9. Ne5 Nxe5 10. Bxe5 Bb7 11. Re1 e6 12. Qa4 a6 13. Rad1 b5 14. Qc2 c4 15. Bf3 Qa5 16. a3 Qa4 17.
Qxa4 bxa4 18. Bxf6 Bxf6 19. e4 Rab8 20. Re2 Bg5 21.
exd5 Bxd5 22. Bxd5 exd5 23. g3 Rxb2 24. f4 Bf6 25.
Kf1 Rfb8 26. Nf3 Rxe2 27. Kxe2 Rb3 28. Rc1 Rxa3 29. Ne5 Ra2+ 30. Ke3 Kg7 31. Nd7 Rxh2 32. Nb6 a3 33. Nxd5 a2 34. Nxf6 Kxf6 35. Ke4 Rc2 36.
Ra1 h5 37. d5 Rd2 38. Ke3 Rxd5 39. Rxa2 Rd3+ 40. Ke4 Rxc3 41. Rxa6+ Kg7 42. f5 Rxg3 43.
f6+ Kh6 44. Ra7 g5 45. Rxf7 Kg6 46. Rf8 c3 47. Ke5 Re3+ 48. Kd4 Re6 49. f7 c2 50. Re8 Kxf7 51. Rc8 0-1

[Event "*** Titled Tuesday Blitz"]
[Site "Chess.com"]
[Date "2020.10.27"]
[Round "7"]
[White "Shubinkirill2003"]
[Black "Fh2411"]
[Result "1-0"]
[WhiteElo "2676"]
[BlackElo "2520"]
[TimeControl "180+1"]
[EndTime "11:19:21 PDT"]
[Termination "Shubinkirill2003 won by resignation"]

1. e4 c5 2. Nf3 e6 3. g3 b6 4. Bg2 Bb7 5. Nc3 Nf6 6. e5 Nd5 7.
O-O Be7 8. Re1 O-O 9. d4 d6 10.
exd6 Bxd6 11. Ne4 Be7 12. c4 Nf6 13. Nxf6+ Bxf6 14. dxc5 bxc5 15. Bf4 Nc6 16. Bd6 Be7 17. Bxe7 Qxe7 18. Qa4 Rfd8 19. Rad1 Nd4 20. Nxd4 cxd4 21. Bxb7 Qxb7 22. b4 f6 23. Rxe6 d3 24. Re3 Qf7 25.
Qb3 d2 26. c5 Rd5 27. Rd3 Rxd3 28. Qxd3 Qxa2 29. Rxd2 Qa1+ 30. Rd1 Qe5 31. c6 h5 32. Qd7 Rf8 33. c7 Qc3 34. Qd5+ Rf7 35. Qd8+ Rf8 36. Qxf8+ Kxf8 37. Rd8+ Kf7 38. c8=Q Qe1+ 39. Kg2 Qe4+ 40. Kf1 Qb1+ 41. Ke2 Qe4+ 42. Kd1 Qb1+ 43. Qc1 Qxb4 44.
Qc7+ Kg6 45. Qc2+ Kf7 46. Qd3 Qa4+ 47. Ke2 Qa2+ 48. Kf1 Qa1+ 49. Kg2 h4 50. Rd7+ 1-0

[Event "*** Titled Tuesday Blitz"]
[Site "Chess.com"]
[Date "2020.10.27"]
[Round "7"]
[White "chessdjw"]
[Black "pastouche06"]
[Result "1-0"]
[WhiteElo "2648"]
[BlackElo "2491"]
[TimeControl "180+1"]
[EndTime "11:19:21 PDT"]
[Termination "chessdjw won by resignation"]

1. e4 c6 2. Nf3 d5 3. Nc3 dxe4 4. Nxe4 Nf6 5. Qe2 Nxe4 6. Qxe4 Qa5 7. Bd3 Nd7 8. O-O Nf6 9. Qe2 Bf5 10. Bxf5 Qxf5 11.
d4 e6 12. Re1 Be7 13. h3 O-O 14. b3 Nd5 15. c4 Nf4 16. Qe4 Qxe4 17. Rxe4 Ng6 18.
Bg5 Rfd8 19. h4 Bxg5 20. hxg5 a5 21. g3 a4 22. b4 a3 23. Kg2 b5 24. c5 Ra4 25. Rb1 Rc8 26. Re3 Ne7 27. Reb3 f6 28. gxf6 gxf6 29. Nd2 Rd8 30. Nf3 Nf5 31. Re1 Kf7 32.
Re4 Ne7 33. Ne1 f5 34. Rh4 Ng6 35. Rxh7+ Kg8 36. Rc7 Rxd4 37. Nc2 Rc4 38. Nxa3 Rcxb4 39. Rd3 Rd4 40. Rxd4 Rxd4 41. Rxc6 Ra4 42. Nxb5 Rxa2 43. Rxe6 Kf7 44. Rb6 f4 45. Nd6+ Ke6 46. Nb5+ Kf5 47. Nd4+ Ke4 48. Rxg6 Kxd4 49. Rg4 Kxc5 50. Rxf4 1-0

[Event "*** Titled Tuesday Blitz"]
[Site "Chess.com"]
[Date "2020.10.27"]
[Round "7"]
[White "PowerThinking2650"]
[Black "Matols"]
[Result "1-0"]
[WhiteElo "2394"]
[BlackElo "2241"]
[TimeControl "180+1"]
[EndTime "11:19:21 PDT"]
[Termination "PowerThinking2650 won on time"]

1. e4 e6 2. d4 d5 3. Nd2 c5 4.
Ngf3 cxd4 5. exd5 Qxd5 6. Bc4 Qd6 7. O-O Nf6 8. Nb3 Nc6 9. Nbxd4 Nxd4 10. Nxd4 a6 11. a4 Qc7 12. b3 Bd6 13. Nf3 O-O 14. Bb2 e5 15. h3 Bf5 16. Re1 Rfe8 17. Nh4 Bd7 18. Re3 Rad8 19. Qe2 g6 20. Re1 Nh5 21.
Bxe5 Bxe5 22. Rxe5 Nf4 23. Qe4 Rxe5 24. Qxe5 Qxe5 25.
Rxe5 Be6 26. Bxe6 Nxe6 27. Nf3 Rd1+ 28. Re1 Rd6 29. Kf1 Kf8 30. g3 Ke7 31. Ng5 Rd2 32.
Nxe6 fxe6 33. Re2 Rd1+ 34. Kg2 Kd6 35. h4 e5 36. Kf3 Kd5 37. Ke3 Rc1 38. Rd2+ Ke6 39.
Kd3 Rf1 40. Kc4 Re1 41. Kc5 Re4 42. c4 Re1 43. a5 Rb1 44. b4 e4 45. Rd6+ Ke5 46.
Rb6 Rb2 47. Rxb7 Rxf2 48. Re7+ 1-0

[Event "*** Titled Tuesday Blitz"]
[Site "Chess.com"]
[Date "2020.10.27"]
[Round "7"]
[White "crescentmoon2411"]
[Black "LyonBeast"]
[Result "1-0"]
[WhiteElo "2877"]
[BlackElo "3030"]
[TimeControl "180+1"]
[EndTime "11:19:25 PDT"]
[Termination "crescentmoon2411 won by resignation"]

1. e4 c6 2. d4 d5 3. Nc3 dxe4 4.
Nxe4 Nf6 5. Nxf6+ exf6 6. c3 Bd6 7. Bd3 O-O 8. Qc2 Re8+ 9. Ne2 h5 10. h3 Be6 11.
O-O Qc7 12. c4 b6 13. c5 bxc5 14. dxc5 Bf8 15. Bf4 Qb7 16. Nd4 Na6 17. Nxe6 Rxe6 18. Be3 Re5 19. Bxa6 Qxa6 20. b4 Rae8 21. a4 Re4 22.
Rab1 f5 23. b5 Qxa4 24. Qxa4 Rxa4 25. bxc6 f4 26. c7 Rc8 27. Rb8 Rxc7 28. Bd2 Rc4 29. Re1 f6 30. Ree8 Rf7 31. c6 Rxc6 32. Bb4 Kh7 33.
Rxf8 Rd7 34. Rfd8 Rdc7 35. Bd6 Rc1+ 36. Kh2 R7c4 37. Rb4 Rxb4 38. Bxb4 Rc4 39. Bd2 a6 40. Rd3 Ra4 41. f3 Kg6 42. Rb3 Kf5 43. Rb4 Rxb4 44. Bxb4 g5 45. Kg1 Ke6 46. Kf2 f5 47. Ke2 Kd5 48.
Kd3 g4 49. h4 Ke5 50. Kc4 Ke6 51. Bd2 1-0

[Event "*** Titled Tuesday Blitz"]
[Site "Chess.com"]
[Date "2020.10.27"]
[Round "7"]
[White "GalperinPlaton"]
[Black "Chernobay_Artem"]
[Result "0-1"]
[WhiteElo "2819"]
[BlackElo "2621"]
[TimeControl "180+1"]
[EndTime "11:19:25 PDT"]
[Termination "Chernobay_Artem won by checkmate"]

1. h3 e5 2. c4 Nf6 3. Nc3 Bb4 4. g3 O-O 5. Bg2 Re8 6. Nf3 e4 7. Nd4 Nc6 8. Nc2 Bxc3 9. dxc3 d6 10. b3 h6 11. Ne3 Be6 12. g4 Qd7 13. Qd2 Rad8 14. Bb2 a5 15. a4 Ne5 16. O-O-O b5 17. axb5 a4 18. bxa4 Nxc4 19. Nxc4 Bxc4 20. Qd4 Bxe2 21. Rd2 Bd3 22. c4 Re5 23. f4 Rc5 24. Rxd3 exd3 25. Ba3 Qe7 26. Qxd3 d5 27. Kb1 d4 28. a5 Qd6 29. a6 Qb6 30. Bxc5 Qxc5 31. Rd1 Qb4+ 32. Kc2 Qa4+ 33. Qb3 Qa5 34. Bc6 Rd6 35. Kb1 Re6 36. Qa2 Qb4+ 37. Qb2 Qa5 38. g5 hxg5 39. fxg5 Ne4 40. Bxe4 Rxe4 41. Rc1 Re3 42. Qxd4 Qb4+ 43. Kc2 Re2+ 44. Kd3 Qd2# 0-1

[Event "*** Titled Tuesday Blitz"]
[Site "Chess.com"]
[Date "2020.10.27"]
[Round "7"]
[White "kingofthenil"]
[Black "arminmusovic"]
[Result "1-0"]
[WhiteElo "2492"]
[BlackElo "2585"]
[TimeControl "180+1"]
[EndTime "11:19:26 PDT"]
[Termination "kingofthenil won by checkmate"]

1. e4 c6 2. c4 e6 3. d4 Bb4+ 4. Bd2 Bxd2+ 5. Qxd2 Ne7 6. Nc3 d5 7. e5 O-O 8. Nf3 c5 9. dxc5 Nbc6 10. Rd1 d4 11. Nxd4 Nxe5 12. Qe3 Ng4 13. Qg3 e5 14. Ne6 Qxd1+ 15. Nxd1 Bxe6 16. Be2 Nf6 17. Ne3 Rac8 18. b4 a5 19. a3 axb4 20. axb4 Nc6 21. O-O Nxb4 22.
Qxe5 Rfe8 23. Qb2 Na6 24. Qxb7 Nxc5 25. Qa7 Nfe4 26. Rd1 Ra8 27. Qc7 Rec8 28. Qf4 Nc3 29. Re1 Nxe2+ 30. Rxe2 Ra1+ 31. Nf1 Nd3 32. Qd4 Rd1 33.
Rd2 Rxd2 34. Nxd2 Nb4 35. h3 h6 36. c5 Nc6 37. Qc3 Rd8 38. Ne4 Rd1+ 39. Kh2 Rd4 40.
Nd6 Rd5 41. Nb5 Ne5 42. Nc7 Nc6 43. Nxd5 Bxd5 44. Qe3 Kf8 45. Qf4 Be6 46. Qd6+ Ne7 47. Qd8# 1-0

[Event "*** Titled Tuesday Blitz"]
[Site "Chess.com"]
[Date "2020.10.27"]
[Round "7"]
[White "nelsoncopa"]
[Black "AnnaChessLook"]
[Result "0-1"]
[WhiteElo "1897"]
[BlackElo "2236"]
[TimeControl "180+1"]
[EndTime "11:19:26 PDT"]
[Termination "AnnaChessLook won by checkmate"]

1. d4 Nf6 2. c4 c5 3. d5 b5 4. cxb5 a6 5. bxa6 g6 6. Nc3 Bg7 7. Nf3 O-O 8. e4 Qa5 9. Bd2 Bxa6 10. Be2 Bxe2 11. Qxe2 Qa6 12. Qxa6 Nxa6 13. a3 Rfb8 14. Rb1 d6 15. O-O Rb3 16. Rfe1 Rab8 17. Na4 Nd7 18. Bc3 Nc7 19. Bxg7 Kxg7 20. Nd2 R3b7 21. f4 Nb5 22. Nc4 Nd4 23. e5 Ra7 24. Nc3 Nb6 25. Nxb6 Rxb6 26. exd6 exd6 27. Ne4 Rab7 28. h3 f5 29. Ng5 Rxb2 30. Rxb2 Rxb2 31. Re7+ Kg8 32. Rd7 h6 33. Ne6 Nxe6 34. dxe6 Rd2 35. a4 Kf8 36. a5 Ra2 37. Ra7 c4 38. a6 c3 39.
Rc7 Rxa6 40. Rxc3 Ke7 41. Re3 d5 42. Re5 d4 43. Rd5 Rd6 44. Rxd6 Kxd6 45. Kf2 Kxe6 46. Ke2 Kd6 47. Kd3 Kd5 48. g3 h5 49. h4 Kc5 50.
Kc2 Kc4 51. Kd2 d3 52. Kd1 Kc3 53. g4 hxg4 54. Ke1 g3 55. Kd1 g2 56. Ke1 g1=Q# 0-1